 Dungeon Crawl Stone Soup version 0.27-a0-1301-g128193abf8 (webtiles) character file.

Game seed: 17761152556294644750

630 senseless the Chopper (level 7, -8/54 HPs)
             Began as a Demonspawn Gladiator on June 17, 2021.
             Was a Priest of Fedhas.
             Killed from afar by a steam dragon (18 damage)
             ... with a ball of steam
             ... on level 4 of the Dungeon.
             The game lasted 00:08:45 (4449 turns).

senseless the Chopper (Demonspawn Gladiator)        Turns: 4449, Time: 00:08:45

Health: -8/54      AC:  9    Str: 16    XL:     7   Next: 24%
Magic:  10/10      EV: 11    Int: 10    God:    Fedhas [***...]
Gold:   117        SH:  0    Dex: 14    Spells: 9/10 levels left

rFire    . . .     SeeInvis .   n - +5 morningstar
rCold    . . .     Faith    .   (no shield)
rNeg     . . .     Spirit   .   f - +1 scale mail {Will+}
rPois    .         Reflect  .   l - +2 hat
rElec    .         Harm     .   (no cloak)
rCorr    .         Rampage  .   (no gloves)
Will     +....                  (no boots)
Stlth    ..........             m - amulet of magic regeneration
HPRegen  0.18/turn              (no ring)
MPRegen  0.49/turn              (no ring)

@: no status effects
A: hooves 1, magic regeneration, demonic magic 2
a: Renounce Religion, Wall of Briars, Grow Ballistomycete


You were on level 4 of the Dungeon.
You worshipped Fedhas.
Fedhas was most pleased with you.
You visited 1 branch of the dungeon, and saw 4 of its levels.

You collected 117 gold pieces.

Inventory:

Hand Weapons
 a - a +1 vampiric war axe
 n - a +5 morningstar (weapon)
Missiles
 d - 3 throwing nets
 e - 12 poisoned darts (quivered)
Armour
 b - a +1 leather armour
 c - a +0 helmet
 f - a +1 scale mail of willpower (worn)
 l - a +2 hat (worn)
Magical Staves
 i - a staff of death
Jewellery
 m - an amulet of magic regeneration (around neck)
Scrolls
 j - a scroll of fear
Potions
 g - a potion of curing
 h - a potion of degeneration {unknown}
 k - a potion of invisibility {unknown}


   Skills:
 + Level 4.0 Fighting
 + Level 4.2 Axes
 + Level 3.6 Throwing
 + Level 4.2 Dodging
 + Level 2.4 Spellcasting


You had 9 spell levels left.
You knew the following spells:

 Your Spells              Type           Power      Damage    Failure   Level
a - Magic Dart            Conj           4%         1d3       75%         1

Your spell library contained the following spells:

 Spells                   Type           Power      Damage    Failure   Level
 Blink                    Tloc           N/A        N/A       86%         2
 Call Imp                 Summ           1%         N/A       86%         2
 Slow                     Hex            1%         N/A       86%         2
 Conjure Flame            Conj/Fire      1%         6-21      98%         3
 Mephitic Cloud           Conj/Pois/Air  1%         N/A       98%         3


Dungeon Overview and Level Annotations

Branches:
Dungeon (4/15)
 Temple: D:4-7

Altars:
Fedhas
Kikubaaqudgha

Shops:
D:1 =   D:2 [=[(   D:4 ([*[!(


Innate Abilities, Weirdness & Mutations

You have large cloven feet.
You regenerate magic rapidly.
Spells you cast may paralyse nearby enemies.


Message History

The steam dragon is moderately wounded.
The steam dragon bites you but does no damage.
The steam dragon claws you but does no damage.
You closely miss the steam dragon.
You kick the steam dragon, but do no damage.
The steam dragon is moderately wounded.
The steam dragon barely misses you. x2
You hit the steam dragon. Your kick misses the steam dragon.
The steam dragon is heavily wounded.
The steam dragon barely misses you. The steam dragon claws you.
The steam dragon bites you.
* * * LOW HITPOINT WARNING * * *
The steam dragon claws you but does no damage.
You closely miss the steam dragon. Your kick misses the steam dragon.
The steam dragon is heavily wounded.
The steam dragon breathes steam at you. The ball of steam hits you!
* * * LOW HITPOINT WARNING * * *
The steam dragon bites you.
* * * LOW HITPOINT WARNING * * *
The steam dragon claws you but does no damage.
You hit the steam dragon.
The steam dragon is heavily wounded.
The steam dragon bites you.
* * * LOW HITPOINT WARNING * * *
The steam dragon closely misses you.
You feel better. The steam dragon closely misses you.
The steam dragon claws you but does no damage.
You closely miss the steam dragon.
The steam dragon is heavily wounded.
The steam dragon bites you but does no damage.
The steam dragon closely misses you. The steam dragon bites you.
* * * LOW HITPOINT WARNING * * *
The steam dragon claws you but does no damage.
You hit the steam dragon.
The steam dragon is heavily wounded.
The steam dragon breathes steam at you. The ball of steam hits you!!
You die...
Fedhas appreciates your contribution to the ecosystem.

##..#######'##.......#.....
##.# ....#...#...#.....
#.#........#...#.[..# ...
#.#........#..###...# ... ##
#.#........#..# ##..# ....
.###.#........#..# #..##...8.
#....#........#..## #...#...##
##...#........#D..####.......#
#...#........#.@...#.........
#...##'#######.#......######(
#..............#......#
#..##.#......###......##
#..##.....#..###.......##
##......####..##....#...## .#
###..### #..#....##........##
#.## ##.............#....#
#..# #........##.[## #...


You could see a steam dragon (catching breath).

Vanquished Creatures
  A necrophage (D:4)
  2 wights (D:4)
  A hound (D:4)
  2 centaur zombies (D:4)
  An orc priest (D:4)
  A gnoll shaman (D:4)
  A human zombie (D:4)
  An orc wizard (D:4)
  Terence (D:2)
  3 mummies (D:4)
  6 adders
  4 gnolls (D:4)
  3 adder zombies (D:4)
  A worm (D:3)
  2 dart slugs (D:3)
  7 orcs
  4 ball pythons
  6 bats
  2 endoplasms
  4 giant cockroaches
  8 goblins
  9 hobgoblins
  11 jackals
  2 quokkas (D:3)
  2 frilled lizards (D:2)
  2 kobolds (D:1)
  8 rats
95 creatures vanquished.

Notes
Turn   | Place    | Note
-------+----------+-------------------------------------------
     0 | D:1      | senseless the Demonspawn Gladiator began the quest for the
                  | Orb.
     0 | D:1      | Reached XP level 1. HP: 16/16 MP: 1/1
   194 | D:1      | Gained mutation: Spells you cast may paralyse adjacent
                  | enemies. [demonic ancestry]
   194 | D:1      | Reached XP level 2. HP: 18/22 MP: 2/2
   335 | D:1      | Found a faded altar of an unknown god.
   341 | D:1      | Became a worshipper of Fedhas Madash
   341 | D:1      | Reached * piety under Fedhas
   485 | D:1      | Found Fod Fudy's Jewellery Shop.
   667 | D:1      | Reached XP level 3. HP: 28/28 MP: 3/3
  1058 | D:2      | Reached ** piety under Fedhas
  1127 | D:2      | Found Bycoah's Armour Shoppe.
  1127 | D:2      | Noticed Terence
  1147 | D:2      | Killed Terence
  1148 | D:2      | Gained mutation: You regenerate magic rapidly. [demonic
                  | ancestry]
  1148 | D:2      | Reached XP level 4. HP: 19/34 MP: 4/4
  1532 | D:2      | Found Tuzel's Jewellery Boutique.
  1572 | D:2      | Found Obuag's Weapon Shop.
  1719 | D:2      | Found Tane's Armour Shoppe.
  2303 | D:3      | Reached XP level 5. HP: 41/41 MP: 6/6
  2533 | D:3      | Learned a level 1 spell: Magic Dart
  2844 | D:3      | Reached skill level 1 in Spellcasting
  2990 | D:4      | Found Ucuilib's Antique Armour Emporium.
  2990 | D:4      | Found Zupsik's Antique Weapon Boutique.
  2992 | D:4      | Found Fyfuezuf's Distillery.
  2992 | D:4      | Found Hext's Antique Armour Shop.
  2994 | D:4      | Found Tane's Weapon Emporium.
  2994 | D:4      | Found Cuenidau's General Store.
  3037 | D:4      | Reached *** piety under Fedhas
  3436 | D:4      | Gained mutation: You have large cloven feet. [demonic
                  | ancestry]
  3436 | D:4      | Reached XP level 6. HP: 25/47 MP: 8/8
  4113 | D:4      | Gained mutation: Spells you cast may paralyse nearby
                  | enemies. [demonic ancestry]
  4113 | D:4      | Reached XP level 7. HP: 53/53 MP: 10/10
  4248 | D:4      | Found an ancient bone altar of Kikubaaqudgha.
  4435 | D:4      | Noticed a steam dragon
  4446 | D:4      | HP: 2/54 [steam dragon (4)]
  4449 | D:4      | Killed from afar by a steam dragon

Illustrated notes

Levels and vault maps discovered:
D:1:      roderic_crop_circles_arrival_small, layout_basic,
          chequers_ecumenical_altar_simple, serial_shops,
          nicolae_shop_window_shopping, minmay_indecisive_spiral
D:2:      layout_basic, serial_shops, shop, nicolae_lakefront_shop, shop, shop,
          hangedman_decor_lopped, uniq_terence
D:3:      layout_loops_corners, kennysheep_generic_room_4
D:4:      kennysheep_the_goblin_king, layout_layer_cave,
          lemuel_mausoleum_altar_kikubaaqudgha, nicolae_wooded_promenade,
          minivault_25

Skill      XL: |  1  2  3  4  5  6  7 |
---------------+----------------------+-----
Throwing       | 2 3 |  3.6
Dodging        | 3 4 |  4.2
Axes           | 3 4 |  4.2
Fighting       | 3 4 |  4.0
Spellcasting   | 1 2 |  2.4

Action                   |  1- 3 |  4- 6 |  7- 9 || total
-------------------------+-------+-------+-------++-------
Melee: War axe           |    88 |   135 |       ||   223
       Morningstar       |       |    27 |    27 ||    54
       Kick              |       |    15 |     8 ||    23
Throw: Dart              |     3 |       |       ||     3
  Use: Scroll            |     6 |     1 |       ||     7
       Potion            |       |       |     1 ||     1
 Stab: Sleeping          |     1 |       |       ||     1
Armor: Leather armour    |    37 |       |       ||    37
       Scale mail        |       |    97 |    12 ||   109
Dodge: Dodged            |    73 |    89 |    16 ||   178

Table legend: (Time is in decaauts)
 A = Elapsed time spent in this place.
 B = Non-inter-level travel time spent in this place.
 C = Inter-level travel time spent in this place.
 D = Time resting spent in this place.
 E = Time spent auto-exploring this place.
 F = Levels seen in this place.
 G = Mean time per level.
                   A        B        C        D        E       F      G
               +--------+--------+--------+--------+--------+-----+--------+
         Total |   4550 |   4400 |    150 |    357 |   3390 |   4 | 1137.5 |
       Dungeon |   4550 |   4400 |    150 |    357 |   3390 |   4 | 1137.5 |
               +--------+--------+--------+--------+--------+-----+--------+

Top non-repeatable levels by time:
     D:4: 1537 daAuts
     D:1: 1082 daAuts
     D:3: 1074 daAuts
     D:2: 856 daAuts
